Map: [ESL] Data-C

Players

DPGCure (Cure)

  • Race: Terran Terran
  • League: Master
  • Spawn Location: 3:00

Maru - Winner!

  • Race: Terran Terran
  • League: Master
  • Spawn Location: 9:00

VOD

Have the link to the VOD?

Description

Time

  • Played on: Nov. 3, 2022, 6:32 a.m.
  • Length: 13:44
Show
View Real Time Build Order
Export as new Build Order

DPGCure Terran 

Build Orders:  

Get SALT Encoding   

  12  0:00  SCV  
  13  0:12  SCV  
  14  0:17  Supply Depot  
  14  0:25  SCV  
  15  0:38  SCV  
  15  0:40  Barracks  
  16  0:43  Refinery  
  16  0:50  SCV  
  16  0:56  Refinery  
  17  1:03  SCV  
  18  1:15  SCV  
  19  1:27  Barracks Reactor, Orbital Command  
  19  1:29  Supply Depot  
  19  1:42  Factory  
  19  1:53  SCV  
  20  2:03  Reaper x2  
  20  2:05  SCV  
  23  2:17  SCV  
  24  2:24  Command Center  
  24  2:33  Hellion  
  27  2:37  Reaper  
  27  2:38  Reaper  
  28  2:46  Supply Depot  
  28  2:47  SCV  
  29  2:55  Factory Tech Lab  
  29  3:00  SCV  
  29  3:01  Starport  
  30  3:12  SCV  
  31  3:17  Marine x2  
  33  3:20  Cyclone  
  33  3:24  SCV  
  37  3:36  Marine x2  
  37  3:37  Refinery, Orbital Command  
  37  3:40  SCV  
  40  3:47  Medivac  
  40  3:53  SCV  
  40  3:54  Marine x2  
  43  4:04  SCV  
  43  4:05  SCV  
  43  4:09  Cyclone  
  47  4:13  Marine  
  47  4:14  Marine  
  47  4:17  SCV x2  
  50  4:19  Starport Tech Lab  
  51  4:29  SCV x2  
  53  4:32  Marine  
  53  4:36  Supply Depot  
  53  4:38  Supply Depot  
  54  4:47  Marine  
  54  4:57  Raven  
  54  4:58  SCV x2  
  58  5:01  Marine  
  58  5:05  Siege Tank, Marine  
  63  5:09  Supply Depot  
  63  5:10  SCV x2  
  65  5:16  Supply Depot  
  65  5:19  Marine  
  66  5:23  Marine  
  66  5:24  SCV x2  
  66  5:31  Command Center  
  66  5:39  SCV  
  66  5:40  Marine  
  66  5:41  Siege Tank, Marine  
  72  5:45  Raven  
  72  5:49  SCV  
  75  5:51  SCV  
  75  5:53  Supply Depot, Refinery  
  76  5:58  Marine  
  76  5:59  Marine  
  76  6:01  SCV  
  76  6:03  SCV  
  80  6:10  Barracks  
  80  6:11  Barracks  
  80  6:13  SCV  
  80  6:15  SCV  
  82  6:22  Siege Tank  
  86  6:25  SCV  
  86  6:27  SCV  
  86  6:33  Engineering Bay  
  86  6:34  Engineering Bay  
  86  6:36  Marine  
  86  6:37  Viking x2, Stimpack  
  86  6:38  SCV  
  86  6:39  SCV  
  93  6:46  Orbital Command  
  93  6:50  SCV  
  93  6:51  SCV  
  95  6:54  Marine  
  95  6:58  Siege Tank  
  95  6:59  Barracks Reactor  
  95  7:01  Barracks Reactor, Terran Infantry Weapons Level 1  
  99  7:02  Orbital Command  
  99  7:05  SCV x2  
  101  7:09  Viking  
  101  7:13  Viking  
  101  7:14  Marine  
  101  7:15  Refinery  
  106  7:17  SCV x2  
  106  7:19  Refinery  
  108  7:24  Terran Infantry Armor Level 1  
  108  7:25  Barracks  
  108  7:28  Barracks  
  108  7:29  SCV  
  109  7:32  Supply Depot  
  109  7:37  SCV x2  
  109  7:39  Marine x5  
  116  7:51  SCV  
  117  7:53  SCV, Medivac x2, Siege Tank  
  117  7:55  SCV  
  125  8:01  Supply Depot  
  125  8:05  Sensor Tower  
  125  8:06  Command Center  
  125  8:10  Supply Depot  
  125  8:12  Barracks Reactor  
  125  8:13  Supply Depot  
  125  8:17  Barracks Reactor  
  125  8:19  Combat Shield  
  125  8:23  SCV x3, Marine x3  
  125  8:27  Marine x2  
  131  8:32  Siege Tank  
  134  8:35  SCV x3  
  134  8:40  Marine x3  
  140  8:44  Marine x2  
  140  8:50  Marine  
  140  8:54  Supply Depot x2  
  140  8:55  Supply Depot, Armory  
  141  9:15  Marine x4  
  141  9:16  Medivac x2, Marine x4  
  152  9:24  Marine  
  152  9:25  Siege Tank  
  152  9:26  SCV x2  
  152  9:27  SCV  
  157  9:32  Supply Depot  
  157  9:33  Factory, Marine x5  
  157  9:37  Marine x2  
  157  9:38  Marine  
  165  9:39  Supply Depot  
  165  9:41  SCV x3  
  165  9:42  Marine  
  169  9:46  Viking x2, Planetary Fortress  
  169  9:51  Marine x2  
  175  9:54  Refinery  
  174  10:00  Marine x6  
  174  10:02  Siege Tank  
  174  10:05  Refinery  
  183  10:10  Terran Infantry Armor Level 2, Terran Infantry Weapons Level 2  
  183  10:11  Terran Vehicle Weapons Level 1  
  183  10:12  SCV x2  
  183  10:13  SCV, Marine x2  
  183  10:18  Marine x4  
  183  10:21  Barracks Reactor  
  186  10:23  SCV  
  186  10:24  SCV  
  186  10:25  SCV x2  
  186  10:27  Viking x2  
  194  10:35  SCV  
  195  10:36  SCV  
  195  10:41  Command Center  
  196  10:43  Sensor Tower  
  196  10:51  Starport  
  196  10:52  Starport  
  196  10:56  Siege Tank, Marine x3  
  196  10:57  Marine x2  
  195  11:03  Viking x2  
  186  11:08  Missile Turret  
  186  11:11  Missile Turret x2  
  186  11:12  Missile Turret  
  186  11:17  Command Center  
  186  11:24  Siege Tank  
  189  11:28  Siege Tank  
  189  11:29  Marine x6  
  189  11:30  Marine  
  189  11:31  Starport Tech Lab  
  189  11:32  Starport Tech Lab  
  196  11:33  Starport  
  196  11:34  Missile Turret  
  196  11:43  Marine  
  177  11:50  Marine x9  
  152  11:54  Viking x2  
  152  11:56  Siege Tank  
  152  12:01  Marine  
  152  12:05  Siege Tank  
  152  12:07  Marine x2  
  152  12:08  Marine x2  
  144  12:17  Marine x2  
  144  12:18  Marine x3  
  144  12:19  Marine  
  144  12:20  SCV x3  
  144  12:21  SCV  
  144  12:22  Viking x2, Starport Tech Lab  
  158  12:23  Corvid Reactor  
  158  12:24  Viking x2  
  158  12:25  Marine x2  
  158  12:27  Marine x2  
  158  12:28  Siege Tank  
  166  12:35  Marine x4  
  154  12:46  Siege Tank, Marine x4  
  154  12:47  Marine x2  
  154  12:49  Viking  
  154  12:50  Orbital Command  
  162  12:52  Viking x2  
  166  13:01  Siege Tank  
  160  13:07  Viking x2, Marine x5  
  160  13:08  Marine x5  
  120  13:25  Marine x8  
Show
View Real Time Build Order
Export as new Build Order

Maru Terran - Winner!

Build Orders:  

Get SALT Encoding   

  12  0:00  SCV  
  13  0:12  SCV  
  14  0:17  Supply Depot  
  14  0:24  SCV  
  15  0:38  SCV  
  15  0:39  Barracks  
  16  0:44  Refinery  
  16  0:50  SCV  
  16  0:54  Refinery  
  17  1:03  SCV  
  18  1:15  SCV  
  19  1:27  Reaper, Orbital Command  
  19  1:32  Supply Depot  
  20  1:44  Factory  
  20  1:53  SCV  
  21  2:00  Barracks Reactor  
  21  2:05  SCV  
  22  2:17  SCV  
  23  2:27  Command Center  
  23  2:29  SCV  
  24  2:39  Marine, Starport  
  24  2:40  Marine  
  28  2:44  Widow Mine  
  28  2:47  SCV  
  29  2:52  Supply Depot  
  29  2:59  SCV  
  29  3:00  Marine  
  31  3:08  Factory Tech Lab  
  31  3:14  SCV, Marine  
  31  3:17  Medivac  
  35  3:20  Marine  
  35  3:26  SCV  
  37  3:32  Marine  
  38  3:38  Siege Tank  
  38  3:39  Orbital Command  
  38  3:40  Marine  
  42  3:41  SCV  
  42  3:48  Starport Tech Lab  
  42  3:52  Refinery, Marine  
  42  3:53  SCV  
  44  4:05  SCV x2  
  44  4:08  Raven  
  48  4:10  Supply Depot  
  48  4:17  SCV  
  48  4:18  Cyclone  
  48  4:20  SCV  
  48  4:24  Supply Depot  
  53  4:26  Marine  
  54  4:32  SCV x2, Marine  
  54  4:33  Supply Depot  
  57  4:44  SCV x2  
  59  4:51  Raven  
  58  4:56  SCV x2  
  58  4:58  Siege Tank  
  63  5:05  Command Center  
  63  5:08  SCV x2  
  65  5:14  Refinery  
  65  5:20  SCV x2  
  67  5:24  Barracks x2  
  65  5:30  Engineering Bay  
  65  5:31  Engineering Bay  
  65  5:33  SCV  
  65  5:35  Raven  
  68  5:41  SCV  
  69  5:44  Siege Tank  
  69  5:48  SCV  
  73  5:53  Marine x2  
  73  5:54  SCV  
  73  5:55  Supply Depot  
  76  5:57  Supply Depot  
  76  5:58  Terran Infantry Weapons Level 1  
  76  5:59  Terran Infantry Armor Level 1  
  76  6:03  SCV  
  77  6:08  SCV  
  78  6:12  Barracks Reactor x2  
  78  6:17  SCV  
  79  6:20  SCV  
  79  6:23  Barracks x2, Orbital Command  
  80  6:26  Siege Tank  
  80  6:29  SCV  
  80  6:31  Marine  
  80  6:32  Stimpack  
  85  6:37  SCV  
  86  6:44  Viking x2  
  86  6:46  SCV, Orbital Command  
  91  6:47  Supply Depot  
  91  6:49  Marine  
  91  6:50  SCV  
  93  6:55  Marine  
  93  6:56  Marine x3  
  93  6:59  SCV  
  93  7:01  Siege Tank  
  100  7:02  SCV  
  100  7:07  Marine  
  102  7:10  Barracks Reactor x2  
  102  7:11  SCV  
  102  7:12  SCV  
  102  7:14  SCV  
  105  7:16  Armory  
  105  7:18  Missile Turret  
  105  7:21  Marine x4  
  109  7:24  SCV x2  
  109  7:27  SCV  
  112  7:30  Marine  
  112  7:31  Medivac x2  
  112  7:35  Refinery  
  112  7:36  Refinery  
  117  7:37  Supply Depot x2  
  117  7:39  Supply Depot, Marine  
  117  7:51  Command Center  
  117  7:52  Sensor Tower  
  117  7:58  SCV x3  
  117  8:01  Marine x6  
  117  8:02  Siege Tank, Marine x2  
  131  8:07  Terran Vehicle Weapons Level 1  
  131  8:09  Marine  
  131  8:11  SCV x2  
  134  8:19  Supply Depot, Terran Infantry Weapons Level 2, Marine x3  
  137  8:21  Supply Depot, Terran Infantry Armor Level 2  
  137  8:28  Marine x2  
  139  8:37  Supply Depot x2, Combat Shield  
  139  8:38  Marine x2  
  139  8:40  Siege Tank, Marine x2  
  146  8:46  Marine  
  147  8:48  Marine x4  
  147  8:51  Viking  
  153  8:55  Marine  
  153  8:56  Marine  
  153  8:57  SCV x2  
  153  8:58  SCV  
  158  9:07  Factory, Marine x3  
  158  9:08  Marine x4  
  158  9:09  SCV  
  166  9:11  Viking  
  166  9:14  Siege Tank  
  162  9:25  Marine x5  
  167  9:33  Marine x2  
  167  9:35  Viking  
  167  9:36  SCV  
  167  9:37  Starport  
  172  9:39  Starport  
  172  9:41  Viking  
  172  9:43  Planetary Fortress  
  172  9:45  SCV x2  
  176  9:48  SCV  
  176  9:52  Siege Tank  
  179  9:57  SCV x2  
  181  10:04  Refinery x2  
  181  10:05  Command Center  
  181  10:07  Barracks Reactor, Terran Vehicle Weapons Level 2  
  181  10:09  Marine  
  177  10:15  Marine  
  177  10:16  Marine x3  
  177  10:20  Starport Tech Lab x2  
  177  10:23  SCV x3  
  177  10:24  Supply Depot  
  177  10:28  SCV  
  181  10:35  SCV x3  
  184  10:38  Terran Infantry Weapons Level 3, Terran Infantry Armor Level 3  
  184  10:39  Sensor Tower  
  184  10:47  Missile Turret  
  184  10:52  Raven x2  
  184  10:55  Marine  
  184  10:57  Marine x4  
  182  10:59  Marine  
  182  11:00  Siege Tank  
  186  11:05  Corvid Reactor  
  186  11:10  Missile Turret, Marine  
  187  11:12  Missile Turret, Siege Tank  
  187  11:13  Missile Turret, Marine x3  
  193  11:18  Command Center  
  193  11:27  Command Center  
  193  11:30  Armory  
  193  11:35  Starport  
  193  11:37  Starport  
  193  11:40  Marine x2  
  176  11:47  Marine  
  176  11:48  Siege Tank x2, Marine x3  
  176  11:50  Viking, Raven  
  159  11:59  Raven  
  159  12:00  Marine  
  159  12:01  Marine x2  
  156  12:12  Viking  
  156  12:13  Marine  
  157  12:15  Marine  
  157  12:16  Marine x2  
  157  12:18  Planetary Fortress  
  157  12:20  Marine  
  157  12:21  Marine x2  
  163  12:23  SCV  
  163  12:27  SCV  
  163  12:29  Marine x2  
  167  12:30  Siege Tank  
  167  12:32  Marine x2  
  167  12:33  Siege Tank, Marine, Raven  
  167  12:34  Marine  
  176  12:38  Marine  
  176  12:40  Marine  
  176  12:42  Marine x2  
  175  12:47  Marine  
  175  12:48  Orbital Command  
  175  12:50  Refinery x2  
  176  12:52  Command Center  
  176  12:56  Marine  
  176  12:58  Marine x6  
  178  13:00  Starport Tech Lab x2  
  178  13:02  Siege Tank  
  178  13:05  Viking x2, Siege Tank  
  187  13:07  Marine x2  
Tags
 
Add a new tag
Caveats
  • Supply blocks, unpowered buildings, or Contaminate may cause inaccurate times.
  • Supply counts are checked every 10 seconds.